 Dungeon Crawl Stone Soup version 0.16-a0-1157-gec61f8e (webtiles) character file.

2167 RobertPalmer the Spear-Bearer (level 9, -3/54 HPs)
             Began as an Octopode Gladiator on Oct 8, 2014.
             Was an Initiate of Ru.
             Killed from afar by Joseph (22 damage)
             ... with a wand of lightning
             ... on level 7 of the Dungeon.
             The game lasted 00:24:33 (8114 turns).

RobertPalmer the Spear-Bearer (Octopode Gladiator)  Turns: 8114, Time: 00:24:34

Health: -3/54      AC:  3    Str: 18    XL:     9   Next: 32%
Magic:  9/9        EV: 15    Int: 12    God:    Ru [......]
Gold:   264        SH:  0    Dex: 12    Spells: 0 memorised, 8 levels left

rFire  . . .     SeeInvis .     a - +1 trident
rCold  + . .     Rnd*Rage +     (no shield)
rNeg   . . .     SustAb   .     c - +2 hat
rPois  +         Gourm    .     (no amulet)
rElec  .         Spirit   .     o - +4 ring of strength
rCorr  .         Warding  .     i - ring of poison resistance
rMut   .         Stasis   .     d - ring of protection from cold
MR     .....                    (no ring)
Stlth  ++........               (no ring)
                                (no ring)
                                (no ring)
                                (no ring)

@: not resistant to hostile enchantments, unstealthy
A: almost no armour, amphibious, 8 rings, constrict 8, camouflage 1, berserk 1,
blurry vision 1, dopey 1, gelatinous body 1
a: Renounce Religion


You were on level 7 of the Dungeon.
You worshipped Ru.
Ru was noncommittal.
You were not hungry.

You visited 2 branches of the dungeon, and saw 8 of its levels.

You collected 486 gold pieces.
You spent 222 gold pieces at shops.


Innate Abilities, Weirdness & Mutations

You cannot wear most types of armour.
You are amphibious.
You can wear up to eight rings at the same time.
You can use your tentacles to constrict many enemies at once.
Your skin changes colour to match your surroundings (Stealth).
Your rubbery body absorbs attacks (AC +1).
You tend to lose your temper in combat.
Your vision is a little blurry.
You are dopey. (Int -2)


   Skills:
 - Level 2.0 Fighting
 - Level 11.1 Polearms
 - Level 2.0 Throwing
 + Level 6.1 Dodging


You had 8 spell levels left.
You didn't know any spells.

Inventory:

Hand weapons
 a - a +1 trident (weapon)
 b - a +0 blowgun
 r - a +0 halberd
Missiles
 q - 2 throwing nets (quivered)
 u - 30 poisoned needles
Armour
 c - a +2 hat (worn)
Magical devices
 s - a wand of lightning (0)
 w - a wand of lightning (0)
 B - a wand of enslavement (5)
Comestibles
 f - 8 bread rations
 k - 2 meat rations
 m - a beef jerky
 C - a chunk of elf flesh {@*1}
Scrolls
 e - 4 scrolls of remove curse
 g - a scroll of enchant armour
 h - 2 scrolls of identify
 j - a scroll of amnesia
 t - a scroll of fog
 v - a scroll of random uselessness
 x - 2 scrolls of recharging
Jewellery
 d - a ring of protection from cold (on tentacle)
 i - a ring of poison resistance (right tentacle)
 o - a +4 ring of strength (left tentacle)
 y - a cursed amulet of inaccuracy {unknown}
Potions
 l - a potion of invisibility {unknown}
 z - a potion of brilliance
 A - a potion of cancellation
 E - 3 potions of curing

Dungeon Overview and Level Annotations

Branches:
Dungeon (7/15)             Temple (1/1) D:7

Altars:
Ashenzari
Cheibriados
Dithmenos
Elyvilon
Fedhas
Makhleb
Nemelex Xobeh
Okawaru
Qazlal
Ru
Sif Muna
Trog
Vehumet
Xom
Yredelemnul
Zin
The Shining One

Shops:
D:4 *   D:6 [

Annotations:
D:3 Raxtorm's ghost, average MiFi
D:7 Joseph

#................#+##+#
##'#####'###'#.........
#.....'.....#.........
#.....#.....+.........
#.....#.....#........#
#.######.####........
#.######'###########
#..........+
#..##@###..#
#..##(###..#####
#.....@.)....@..
#+###.###..###.# #.#
#'# #.# .# #.# + '.'
###


You could see Joseph.


Message History

You destroy the wight!
Joseph shoots a sling bullet.
The sling bullet completely misses you.
You see here a sling bullet.
Joseph shoots a sling bullet.
The sling bullet hits you!
* * * LOW HITPOINT WARNING * * *
Joseph shoots a sling bullet.
The sling bullet closely misses you.
There is an open door, spattered with blood here.
You see here 2 sling bullets.
There's something blocking the doorway.
Read which item? (? for menu, Esc to quit)
Okay, then.
Drink which item? (? for menu, Esc to quit)
You feel clever all of a sudden.
It was a potion of brilliance.
Drink which item? (? for menu, Esc to quit)
Your magical effects are unravelling.
You feel magically purged.
It was a potion of cancellation.
You feel a little less clever now.
Drink which item? (? for menu, Esc to quit)
You feel refreshed.
It was a potion of restore abilities.
Drink which item? (? for menu, Esc to quit)
You feel extremely strange.
Your vision blurs.
You feel a little pissed off.
You feel stupid.
It was a potion of mutation.
Drink which item? (? for menu, Esc to quit)
You feel much better.
Joseph zaps a wand.
The bolt of lightning hits you!
Ouch! That really hurt!
* * * LOW HITPOINT WARNING * * *
Joseph zaps a wand.
The bolt of lightning hits you!
You die...

Action                   |  1- 3 |  4- 6 |  7- 9 || total
-------------------------+-------+-------+-------++-------
Melee: Trident           |    60 |   125 |   241 ||   426
 Fire: Blowgun           |       |    10 |    36 ||    46
Throw: Throwing net      |     1 |     5 |     5 ||    11
Evoke: Wand              |       |       |     6 ||     6
  Use: Potion            |       |     6 |     6 ||    12
       Scroll            |       |     1 |    19 ||    20
 Stab: Sleeping          |     5 |     4 |    12 ||    21
       Held in net/web   |       |     4 |       ||     4
       Fleeing           |       |       |     1 ||     1
  Eat: Chunk             |     1 |     8 |     9 ||    18
       Pizza             |       |       |     1 ||     1
       Beef jerky        |       |       |     2 ||     2

Vault maps used:
D:1:      zelgadis_glass_arrival_small
D:2:      first_bread
D:3:      kennysheep_goblin_castle, uniq_crazy_yiuf_cottage
D:4:      serial_shops, nicolae_shop_trees, minmay_misc_feat_alley
D:6:      serial_shops, shop, uniq_menkaure, uniq_prince_ribbit1
D:7:      minitemple, grunt_gozag_statues, overflow_temple_1_default,
          minmay_temple_entry_junction, uniq_duvessa, uniq_joseph
Temple:   bh_familiar_temple

Notes
Turn   | Place    | Note
--------------------------------------------------------------
     0 | D:1      | RobertPalmer, the Octopode Gladiator, began the quest for the Orb.
     0 | D:1      | Reached XP level 1. HP: 14/14 MP: 1/1
   308 | D:1      | Reached XP level 2. HP: 19/19 MP: 2/2
   891 | D:2      | Reached skill level 4 in Polearms
   996 | D:2      | Reached XP level 3. HP: 24/24 MP: 3/3
  1408 | D:3      | Noticed Crazy Yiuf
  1416 | D:3      | Killed Crazy Yiuf
  1416 | D:3      | Reached XP level 4. HP: 12/29 MP: 0/4
  1977 | D:3      | Reached skill level 5 in Polearms
  2084 | D:3      | Reached XP level 5. HP: 24/34 MP: 5/5
  2112 | D:3      | Noticed Raxtorm's ghost (average MiFi)
  2685 | D:3      | Reached skill level 6 in Polearms
  2713 | D:3      | Noticed Ijyb
  2808 | D:3      | Killed Ijyb
  3440 | D:4      | Reached XP level 6. HP: 39/39 MP: 6/6
  3451 | D:4      | Reached skill level 7 in Polearms
  3722 | D:4      | Noticed an ogre
  3798 | D:4      | Killed an ogre
  3874 | D:4      | Reached XP level 7. HP: 45/45 MP: 7/7
  4148 | D:4      | Reached skill level 8 in Polearms
  4408 | D:4      | Found Chuyguss' Assorted Antiques.
  4419 | D:4      | Bought a scroll labeled FRAAZX NERGHIGG for 25 gold pieces
  4419 | D:4      | Bought 2 scrolls labeled ITIOTTO PI NIMM for 50 gold pieces
  4419 | D:4      | Bought a scroll labeled OBRAWK AKEMO for 25 gold pieces
  4419 | D:4      | Bought a fizzy yellow potion for 22 gold pieces
  4419 | D:4      | Bought a scroll of identify for 50 gold pieces
  4419 | D:4      | Bought a potion of curing for 50 gold pieces
  4443 | D:5      | Entered Level 5 of the Dungeon
  5057 | D:6      | Noticed Menkaure
  5291 | D:6      | Noticed Prince Ribbit
  5515 | D:5      | Reached skill level 9 in Polearms
  5623 | D:6      | Reached XP level 8. HP: 34/50 MP: 8/8
  5700 | D:6      | Killed Menkaure
  6043 | D:6      | Reached skill level 10 in Polearms
  6066 | D:6      | Found Preon's Antique Armour Emporium.
  6216 | D:6      | Killed Prince Ribbit
  6712 | D:6      | Reached skill level 11 in Polearms
  6870 | D:7      | Noticed Duvessa
  6870 | D:7      | Noticed Dowan
  6975 | D:7      | Identified a scroll of acquirement
  7000 | D:7      | Found a white marble altar of Elyvilon.
  7153 | D:7      | Reached skill level 4 in Dodging
  7153 | D:7      | Reached XP level 9. HP: 42/54 MP: 9/9
  7269 | D:7      | Found a staircase to the Ecumenical Temple.
  7284 | Temple   | Entered the Ecumenical Temple
  7476 | Temple   | Became a worshipper of Ru the Awakened
  7661 | D:7      | Reached skill level 5 in Dodging
  7710 | D:7      | Found a shadowy altar of Dithmenos.
  7711 | D:7      | Found a basalt altar of Yredelemnul.
  7711 | D:7      | Found a snail-covered altar of Cheibriados.
  7713 | D:7      | Found a burning altar of Makhleb.
  7717 | D:7      | Found a stormy altar of Qazlal.
  7763 | D:7      | Noticed Joseph
  8012 | D:7      | Killed Dowan
  8065 | D:7      | Killed Duvessa
  8102 | D:7      | Reached skill level 6 in Dodging
  8113 | D:7      | Gained mutation: Your vision is a little blurry. [potion of mutation]
  8113 | D:7      | Gained mutation: You tend to lose your temper in combat. [potion of mutation]
  8113 | D:7      | Gained mutation: You are dopey. (Int -2) [potion of mutation]
  8114 | D:7      | Killed from afar by Joseph

Vanquished Creatures
  Prince Ribbit (D:6)
  Menkaure (D:6)
  A phantom (D:6)
  A black bear (D:7)
  3 ogres
  An orc warrior (D:6)
  Duvessa (D:7)
  3 giant frogs
  A scorpion (D:3)
  3 wights (D:7)
  2 goliath beetles (D:6)
  Dowan (D:7)
  A crimson imp (D:7)
  A basilisk zombie (D:7)
  3 orc priests
  4 hounds
  Crazy Yiuf (D:3)
  2 giant frog skeletons (D:5)
  2 worker ants
  2 orc wizards (D:4)
  Ijyb (D:3)
  7 gnolls
  6 adders
  An orc skeleton (D:7)
  3 worms
  A giant mite (D:5)
  An iguana zombie (D:6)
  An iguana skeleton (D:4)
  15 orcs
  15 bats
  2 bat skeletons
  2 bat zombies (D:6)
  4 giant cockroaches
  14 hobgoblins
  14 jackals
  11 kobolds
  4 quokkas
  A ball python (D:2)
  6 giant geckos
  5 giant newts
  17 goblins
  A hobgoblin skeleton (D:4)
  8 rats
175 creatures vanquished.

Vanquished Creatures (collateral kills)
  A ballistomycete (D:7)
1 creature vanquished.

Vanquished Creatures (others)
  A jackal (D:3)
  A giant spore (D:7)
2 creatures vanquished.

Grand Total: 178 creatures vanquished
